 Dungeon Crawl Stone Soup version 0.19.1 (webtiles) character file.

569 RedPan the Sneak (level 7, 0/46 HPs)
             Began as a Vampire Ice Elementalist on Dec 24, 2016.
             Was an Initiate of Vehumet.
             Hit by a poisoned tomahawk thrown by an orc warrior (10 damage)
             ... on level 7 of the Dungeon.
             The game lasted 00:15:26 (6533 turns).

RedPan the Sneak (Vampire Ice Elementalist)         Turns: 6533, Time: 00:15:27

Health: 0/46       AC:  0    Str:  7      XL:     7   Next: 11%
Magic:  6/10       EV: 20    Int: 18 (19) God:    Vehumet [......]
Gold:   165        SH:  0    Dex: 20      Spells: 2 memorised, 7 levels left

rFire  . . .     SeeInvis +     (weapon currently unavailable)
rCold  + . .     Gourm    .     (armour currently unavailable)
rNeg   + + .     Faith    .     (shield currently unavailable)
rPois  +         Spirit   .     (helmet currently unavailable)
rElec  .         Reflect  .     (cloak currently unavailable)
rCorr  .         Harm     .     (gloves currently unavailable)
MR     .....                    (boots currently unavailable)
Stlth  ++++++....               (no amulet)
                                (ring currently unavailable)
                                (ring currently unavailable)

@: bat-form, flying, regenerating slowly, very quick
A: fangs 3, see invisible, (unbreathing)
a: End Transformation, Renounce Religion


You were on level 7 of the Dungeon.
You worshipped Vehumet.
Vehumet was noncommittal.
You were near bloodless.
You were in vampire-bat-form.
You visited 1 branch of the dungeon, and saw 5 of its levels.
You also visited: Ossuary.

You collected 165 gold pieces.

Inventory:

Hand Weapons
 d - a +0 dagger of speed (melded)
Armour
 a - a +0 robe (melded)
 o - a +0 cloak of invisibility (melded)
 t - a +0 pair of gloves (melded)
Jewellery
 i - a +2 ring of dexterity
 q - a +2 ring of strength
 s - a ring of protection from fire (melded)
 w - a +4 ring of slaying (melded)
Wands
 r - a wand of flame (18/48)
Scrolls
 e - 2 scrolls of amnesia {unknown}
 h - 2 scrolls of magic mapping
 j - a scroll of enchant weapon {unknown}
 k - 2 scrolls of fear {unknown}
 l - a scroll of blinking {unknown}
 u - 2 scrolls of identify
 v - 2 scrolls of teleportation {unknown}
 x - 2 scrolls of remove curse
Potions
 c - 2 potions of blood
 f - 2 potions of brilliance
 g - a potion of might {unknown}
 m - a potion of cure mutation {unknown}
 n - a potion of lignification {unknown}
 p - 2 potions of agility
Books
 b - a book of Frost

   Spells                             Type                      Level
   a - Freeze                         Ice                          1
   b - Throw Frost                    Conjuration/Ice              2
   c - Ozocubu's Armour               Charms/Ice                   3
   d - Throw Icicle                   Conjuration/Ice              4
   e - Summon Ice Beast               Ice/Summoning                4


   Skills:
 + Level 1.0 Short Blades
 - Level 2.1 Dodging
 - Level 7.0 Stealth
 - Level 2.0 Spellcasting
 - Level 0.6 Conjurations
 * Level 7.0 Ice Magic


You had 7 spell levels left.
You knew the following spells:

 Your Spells              Type           Power        Failure   Level  Hunger
a - Freeze                Ice            ####         1%          1    #......
b - Throw Frost           Conj/Ice       ###...       8%          2    ###....


Dungeon Overview and Level Annotations

Branches:
Dungeon (4/15)
 Temple: D:4-7

Altars:
Ashenzari
Cheibriados
Hepliaklqana
Nemelex Xobeh
Okawaru
Qazlal
Ru
Vehumet
The Shining One


Innate Abilities, Weirdness & Mutations

You heal slowly.
You have razor-sharp teeth.
You have supernaturally acute eyesight. (SInv)
((You can survive without breathing.))


Message History

You freeze the orc warrior.
The orc warrior is moderately wounded.
The orc warrior hits you with a scimitar!!
* * * LOW HITPOINT WARNING * * *
You turn into a vampire bat.
Your +0 dagger of speed melds into your body.
Your +0 cloak of invisibility melds into your body.
Your +0 pair of gloves melds into your body.
Your +0 robe melds into your body.
Your ring of protection from fire melds into your body.
Your +4 ring of slaying melds into your body.
The orc warrior closely misses you.
The orc warrior throws a poisoned tomahawk.
The poisoned tomahawk misses you.
You see here a poisoned tomahawk.
The orc warrior throws a poisoned tomahawk.
The poisoned tomahawk closely misses you.
The orc warrior throws a poisoned tomahawk.
The poisoned tomahawk hits you!
You die...

............. #.#....##.#.
#.......#... ##.#.#.....#.
#...........# ###
#..#.#.#...#.
...##########...#........
###.#...........#.#.#.#.#.
#.......#b................
#.#.#....(........#.......
###.#...#._.#....##.##...##.
.oo##...........#......## #
#.##....#...####..###.#
#o.(.......# #... .#
###.##..#### #.#. .. #.##.##
.. .# ## #.#... .#


You could see an orc warrior.

Vanquished Creatures
  A scorpion (D:4)
  A howler monkey (D:4)
  Crazy Yiuf (D:2)
  2 orc priests (D:3)
  A hound (D:7)
  3 worker ants (D:4)
  5 big kobold zombies (Ossuary)
  2 mummies
  5 adders
  A shadow imp (D:3)
  2 worms (D:2)
  5 dart slugs
  5 leopard geckos
  3 orcs
  A spectral bat (Ossuary)
  3 giant cockroaches
  7 goblins
  12 hobgoblins
  2 quokkas
  A ball python (D:4)
  7 bats
  4 frilled lizards
  6 gnoll zombies (Ossuary)
  4 goblin simulacra (Ossuary)
  5 goblin zombies (Ossuary)
  2 hobgoblin zombies (Ossuary)
  A jackal skeleton (D:4)
  8 kobolds
  5 kobold simulacra (Ossuary)
  4 kobold zombies
  7 orc zombies (Ossuary)
  5 rats
  3 rat simulacra (Ossuary)
  5 spectral goblins (Ossuary)
  2 spectral kobolds (Ossuary)
  3 spectral rats (Ossuary)
134 creatures vanquished.

Vanquished Creatures (others)
  An orc zombie (Ossuary)
1 creature vanquished.

Grand Total: 135 creatures vanquished

Notes
Turn   | Place    | Note
-------+----------+-------------------------------------------
     0 | D:1      | RedPan the Vampire Ice Elementalist began the quest for the Orb.
     0 | D:1      | Reached XP level 1. HP: 13/13 MP: 3/3
   298 | D:1      | Reached XP level 2. HP: 19/19 MP: 1/5
   302 | D:1      | Learned a level 2 spell: Throw Frost
   927 | D:2      | Reached XP level 3. HP: 24/24 MP: 4/6
  1011 | D:2      | Found a runed door.
  1049 | D:2      | Noticed Crazy Yiuf
  1056 | D:2      | Killed Crazy Yiuf
  1562 | D:2      | Reached XP level 4. HP: 22/30 MP: 0/7
  2142 | D:2      | Found a shattered altar of Ashenzari.
  3252 | D:3      | Reached skill level 5 in Ice Magic
  4041 | D:3      | Found an iron altar of Okawaru.
  4072 | D:3      | Reached skill level 5 in Stealth
  4072 | D:3      | Reached XP level 5. HP: 35/35 MP: 4/8
  4590 | D:4      | Found a snail-covered altar of Cheibriados.
  4591 | D:4      | Found a hazy altar of Hepliaklqana.
  4593 | D:4      | Found a sparkling altar of Nemelex Xobeh.
  4593 | D:4      | Found a sacrificial altar of Ru.
  4595 | D:4      | Found a stormy altar of Qazlal.
  4596 | D:4      | Found a glowing golden altar of the Shining One.
  4786 | D:4      | Reached XP level 6. HP: 32/41 MP: 9/9
  4895 | D:4      | Found a sand-covered staircase.
  4905 | Ossuary  | Entered an ossuary
  6004 | Ossuary  | Reached XP level 7. HP: 20/46 MP: 1/10
  6471 | D:4      | You fall through a shaft for 3 floors!
  6476 | D:7      | Found a radiant altar of Vehumet.
  6504 | D:7      | Reached skill level 1 in Short Blades
  6508 | D:7      | Became a worshipper of Vehumet
  6533 | D:7      | Hit by a poisoned tomahawk thrown by an orc warrior

Skill      XL: |  1  2  3  4  5  6  7 |
---------------+----------------------+-----
Ice Magic      | 4 5 6 7 |  7.0
Stealth        | 5 7 |  7.0
Short Blades   | 1 |  1.0
Dodging        | |  2.1
Spellcasting   | |  2.0
Conjurations   | |  0.6

Action                   |  1- 3 |  4- 6 |  7- 9 || total
-------------------------+-------+-------+-------++-------
Melee: Dagger            |    48 |   234 |     9 ||   291
       Bite              |     7 |    17 |       ||    24
       Unarmed           |     1 |       |       ||     1
 Cast: Freeze            |    23 |    48 |     4 ||    75
       Throw Frost       |       |     7 |       ||     7
 Abil: Bat Form          |       |       |     1 ||     1
  Use: Potion            |       |    12 |     1 ||    13
       Scroll            |       |     5 |       ||     5
 Stab: Sleeping          |    13 |    32 |     3 ||    48
       Distracted        |       |     1 |       ||     1
Armor: Robe              |    15 |    16 |     1 ||    32
Dodge: Dodged            |    25 |   105 |     5 ||   135
